 Dungeon Crawl Stone Soup version 0.28-a0-1560-g060a6a1bfc (webtiles) character file.

Game seed: 7594134585827696372

221 BritishOli the Slasher (level 5, -2/41 HPs)
             Began as a Demonspawn Gladiator on Jan 19, 2022.
             Slain by a mummy (12 damage)
             ... on level 4 of the Dungeon.
             The game lasted 00:03:51 (3234 turns).

BritishOli the Slasher (Demonspawn Gladiator)       Turns: 3234, Time: 00:03:52

Health: -2/41      AC:  7    Str: 17    XL:     5   Next: 65%
Magic:  5/5        EV: 12    Int:  9    God:
Gold:   97         SH:  0    Dex: 14    Spells: 4/4 levels left

rFire   . . .      SeeInvis .   a - +0 long sword
rCold   . . .      Faith    .   (no shield)
rNeg    . . .      Spirit   .   b - +0 leather armour
rPois   .          Reflect  .   c - +0 helmet
rElec   .          Harm     .   i - +0 cloak
rCorr   .          Rampage  .   (no gloves)
Will    .....                   (no boots)
Stlth   +.........              (no amulet)
HPRegen 0.13/turn               (no ring)
MPRegen 0.09/turn               (no ring)

@: no status effects
A: thin metallic scales 1
a: no special abilities


You were on level 4 of the Dungeon.
You visited 1 branch of the dungeon, and saw 4 of its levels.

You collected 97 gold pieces.

Inventory:

Hand Weapons
 a - a +0 long sword (weapon)
Missiles
 d - 3 throwing nets (quivered)
Armour
 b - a +0 leather armour (worn)
 c - a +0 helmet (worn)
 i - a +0 cloak (worn)
Scrolls
 f - 4 scrolls of identify {unknown}
 h - a scroll of silence {unknown}
 j - a scroll of teleportation {unknown}
 l - a scroll of enchant weapon {unknown}
 m - a scroll of immolation {unknown}
 o - a scroll of blinking {unknown}
 p - a scroll of vulnerability {unknown}
Potions
 e - a potion of curing


   Skills:
 * Level 3.6 Fighting
 * Level 3.9 Long Blades
 - Level 2.2 Throwing
 + Level 1.4 Armour
 + Level 3.5 Dodging


You had 4 spell levels left.
You didn't know any spells.
Your spell library contained the following spells:

 Spells                   Type           Power      Damage    Failure   Level
 Freeze                   Ice            0%         1d3       43%         1
 Corpse Rot               Necr/Air       0%         N/A       58%         2
 Poisonous Vapours        Pois/Air       0%         N/A       58%         2
 Frozen Ramparts          Ice            0%         1d2       82%         3
 Hailstorm                Conj/Ice       0%         3d3       99%         4
 Petrify                  Tmut/Erth      0%         N/A       99%         4
 Metabolic Englaciation   Hex/Ice        0%         N/A       100%        5
 Statue Form              Tmut/Erth      0%         N/A       100%        6


Dungeon Overview and Level Annotations

Branches:
Dungeon (4/15)
 Temple: D:4-7

Altars:

Shops:
D:1 ?

Portals:
Ossuary: D:4


Innate Abilities, Weirdness & Mutations

You are partially covered in thin metallic scales. (AC +2)


Message History

You slash something!
Reactivating autopickup.
You feel a bit more experienced.
You completely miss the orc. The orc hits you but does no damage.
You hit the orc.
The orc is moderately wounded.
The orc hits you with a +0 hand axe.
You feel less attractive to monsters.
You hit the orc.
The orc is almost dead.
The orc hits you with a +0 hand axe.
* * * LOW HITPOINT WARNING * * *
You hit the orc.
You kill the orc!
You hit the orc but do no damage. The orc barely misses you.
You slash the orc!
You kill the orc!
The bullfrog skeleton misses you.
You slash the bullfrog skeleton!
The bullfrog skeleton is moderately damaged.
The bullfrog skeleton hits you but does no damage.
You slash the bullfrog skeleton!
The bullfrog skeleton is severely damaged.
The bullfrog skeleton hits you.
* * * LOW HITPOINT WARNING * * *
The bullfrog skeleton hits you but does no damage.
You slash the bullfrog skeleton!
The bullfrog skeleton is almost destroyed.
The bullfrog skeleton misses you. The bullfrog skeleton hits you.
* * * LOW HITPOINT WARNING * * *
You slash the bullfrog skeleton!
You destroy the bullfrog skeleton!
There is an open door, spattered with blood here.
Items here: ))))) [[ ††††.
You see here 15 stones.
Found a robe.
As you open the door, it creaks loudly!
A mummy comes into view.
Found a sand-covered staircase.
You hit the mummy but do no damage. The mummy hits you!
You die...

### #.## #..##
#...#### #.#....##
#.##....##
#@###....##
#.M∩##....##
#.###.#....#...
#(##..##.......
##.#(..###......
#......).##.....
#..#...###..#..[..
#..##..##..#. .>.
#.. ##.#...# ...#


You could see a mummy.

Vanquished Creatures
  A hound (D:4)
  2 orc priests
  A bullfrog skeleton (D:4)
  An orc wizard (D:4)
  An adder (D:2)
  A worm (D:2)
  10 orcs
  9 ball pythons
  6 bats
  4 endoplasms
  4 giant cockroaches
  4 goblins
  3 hobgoblins
  4 kobolds
  2 quokkas (D:1)
  3 frilled lizards
  A goblin zombie (D:4)
  3 rats
60 creatures vanquished.

Notes
Turn   | Place    | Note
-------+----------+-------------------------------------------
     0 | D:1      | BritishOli the Demonspawn Gladiator began the quest for the
                  | Orb.
     0 | D:1      | Reached XP level 1. HP: 16/16 MP: 1/1
   380 | D:1      | Found Vout's Magic Scroll Shop.
   385 | D:1      | Gained mutation: You are partially covered in thin metallic
                  | scales. (AC +2) [demonic ancestry]
   385 | D:1      | Reached XP level 2. HP: 15/22 MP: 2/2
  1027 | D:2      | Reached XP level 3. HP: 22/28 MP: 3/3
  1339 | D:2      | Found a faded altar of an unknown god.
  1947 | D:3      | Reached XP level 4. HP: 22/34 MP: 4/4
  3182 | D:4      | Reached skill level 1 in Armour
  3192 | D:4      | Reached XP level 5. HP: 17/41 MP: 5/5
  3233 | D:4      | Found a sand-covered staircase.
  3234 | D:4      | Slain by a mummy

Illustrated notes

Levels and vault maps discovered:
D:1:      psy_arrival_spokes, layout_basic, serial_shops, shop
D:2:      layout_basic, basic_ecumenical_altar
D:3:      layout_basic, hex_medium, hex_tiny, dk_noncrumbling_2,
          nicolae_elevator_lobby_asterisk
D:4:      layout_cave_pools, minmay_temple_entry_sparse_star,
          nicolae_ossuary_entry_giza, uniq_eustachio, uniq_robin

Skill      XL: |  1  2  3  4 |
---------------+-------------+-----
Throwing       | 2 |  2.2
Long Blades    | 3 |  3.9
Dodging        | 3 |  3.5
Fighting       | 3 |  3.6
Armour         | 1 |  1.4

Action                   |  1- 3 |  4- 6 || total
-------------------------+-------+-------++-------
Melee: Long sword        |   112 |    91 ||   203
       Punch             |     1 |       ||     1
  Use: Potion            |       |     4 ||     4
 Stab: Sleeping          |       |     1 ||     1
Armor: Leather armour    |    51 |    47 ||    98
Dodge: Dodged            |    94 |    68 ||   162

Table legend: (Time is in decaauts)
 A = Elapsed time spent in this place.
 B = Non-inter-level travel time spent in this place.
 C = Inter-level travel time spent in this place.
 D = Time resting spent in this place.
 E = Time spent auto-exploring this place.
 F = Levels seen in this place.
 G = Mean time per level.
                   A        B        C        D        E       F      G
               +--------+--------+--------+--------+--------+-----+--------+
         Total |   3285 |   3194 |     91 |    285 |   2392 |   4 |  821.2 |
       Dungeon |   3285 |   3194 |     91 |    285 |   2392 |   4 |  821.2 |
               +--------+--------+--------+--------+--------+-----+--------+

Top non-repeatable levels by time:
     D:3: 1250 daAuts
     D:1: 1017 daAuts
     D:2: 935 daAuts
     D:4: 82 daAuts
